 Dungeon Crawl Stone Soup version 0.27.1-34-g3ba077fa99 (webtiles) character file.

Game seed: 6417854350075868318

64064 raph the Impaler (level 14, -8/127 HPs)
             Began as a Minotaur Gladiator on Jan 8, 2022.
             Was an Elder of Okawaru.
             Shot with a bolt by an orc knight (9 damage)
             ... on level 2 of the Orcish Mines.
             The game lasted 00:45:36 (25661 turns).

raph the Impaler (Minotaur Gladiator)              Turns: 25661, Time: 00:45:37

Health: -8/127     AC: 28    Str: 19    XL:     14   Next: 70%
Magic:  20/20      EV: 16    Int:  5    God:    Okawaru [****..]
Gold:   2022       SH:  5    Dex: 17    Spells: 13/13 levels left

rFire    + . .     SeeInvis +   a - +9 glaive (flame)
rCold    + + .     Faith    .   (shield currently unavailable)
rNeg     . . .     Spirit   .   O - +3 ice dragon scales
rPois    .         Reflect  +   V - +2 hat {SInv}
rElec    .         Harm     .   B - +1 cloak
rCorr    .         Rampage  .   H - +2 pair of gloves {archery}
Will     +....                  w - +2 pair of boots {Fly}
Stlth    ..........             c - amulet of reflection
HPRegen  0.31/turn              F - ring of protection from fire
MPRegen  0.17/turn              T - ring of protection from fire

@: mighty, flying, studying Fighting
A: horns 2, retaliatory headbutt
a: Renounce Religion, Heroism


You were on level 2 of the Orcish Mines.
You worshipped Okawaru.
Okawaru was greatly pleased with you.
You visited 4 branches of the dungeon, and saw 21 of its levels.
You also visited: Sewer, Bailey and Gauntlet.

You collected 2022 gold pieces.

Inventory:

Hand Weapons
 a - a +9 glaive of flaming (weapon)
 b - a +0 longbow
 i - a +0 bardiche
Missiles
 d - 3 throwing nets
 e - 88 poisoned darts
 t - 17 javelins
 y - a silver javelin (quivered)
 A - 252 arrows
 C - 18 atropa-tipped darts
 Q - 6 boomerangs of dispersal
Armour
 w - a +2 pair of boots of flying (worn)
 B - a +1 cloak (worn)
 H - a +2 pair of gloves of archery (worn)
 O - +3 ice dragon scales (worn)
 V - a +2 hat of see invisible (worn)
Jewellery
 c - an amulet of reflection (around neck)
 h - a ring of wizardry
 z - an amulet of the acrobat
 F - a ring of protection from fire (left hand)
 T - a ring of protection from fire (right hand)
Wands
 r - a wand of paralysis (7)
 x - a wand of flame (111)
 D - a wand of charming (5)
 G - a wand of digging (3)
 W - a wand of iceblast (5)
 X - a wand of polymorph (5)
Scrolls
 g - a scroll of brand weapon
 k - 2 scrolls of amnesia
 n - 2 scrolls of fog
 v - 4 scrolls of teleportation
 I - 3 scrolls of immolation
 J - 2 scrolls of fear
 M - 7 scrolls of identify
 P - 3 scrolls of summoning
 R - 4 scrolls of enchant weapon
 S - 2 scrolls of blinking
Potions
 j - 4 potions of invisibility
 l - 3 potions of ambrosia
 m - 4 potions of heal wounds
 o - a potion of might
 p - 6 potions of haste
 q - 8 potions of curing
 s - 3 potions of flight
 u - 2 potions of brilliance
 E - 2 potions of cancellation {unknown}
 L - a potion of attraction
 N - a potion of magic
Miscellaneous
 f - a tin of tremorstones (inert)
 K - a phantom mirror


   Skills:
 + Level 12.9 Fighting
 * Level 15.4 Polearms
 + Level 8.8 Throwing
 + Level 12.4 Armour
 + Level 12.0 Dodging
 + Level 10.0 Invocations
 + Level 4.0 Evocations


You had 13 spell levels left.
You didn't know any spells.
Your spell library contained the following spells:

 Spells                   Type           Power      Damage    Failure   Level
 Animate Skeleton         Necr           0%         N/A       83%         1
 Corona                   Hex            0%         N/A       83%         1
 Magic Dart               Conj           0%         1d3       83%         1
 Pain                     Necr           0%         1d4       83%         1
 Sandblast                Erth           0%         2d4       83%         1
 Shock                    Conj/Air       0%         1d3       83%         1
 Sting                    Tmut/Pois      0%         1d3       83%         1
 Ensorcelled Hibernation  Hex/Ice        0%         N/A       92%         2
 Passwall                 Tmut/Erth      0%         N/A       92%         2
 Poisonous Vapours        Pois/Air       0%         N/A       92%         2
 Call Canine Familiar     Summ           0%         N/A       99%         3
 Frozen Ramparts          Ice            0%         1d2       99%         3
 Gell's Gravitas          Tloc           0%         N/A       99%         3
 Ignite Poison            Fire/Tmut/Pois 0%         N/A       99%         3
 Lesser Beckoning         Tloc           0%         N/A       99%         3
 Ozocubu's Armour         Ice            0%         N/A       99%         3
 Portal Projectile        Hex/Tloc       0%         N/A       99%         3
 Swiftness                Air            0%         N/A       99%         3
 Teleport Other           Tloc           0%         N/A       99%         3
 Tukima's Dance           Hex            0%         N/A       99%         3
 Vampiric Draining        Necr           0%         2d6       99%         3
 Airstrike                Air            0%         N/A       100%        4
 Ice Form                 Ice/Tmut       0%         N/A       100%        4
 Leda's Liquefaction      Hex/Erth       0%         N/A       100%        4
 Olgreb's Toxic Radiance  Pois           0%         N/A       100%        4
 Summon Ice Beast         Ice/Summ       0%         N/A       100%        4
 Iskenderun's Battlesphe  Conj           0%         2d6       100%        5
 Lee's Rapid Deconstruct  Erth           0%         3d5*      100%        5
 Metabolic Englaciation   Hex/Ice        0%         N/A       100%        5
 Invisibility             Hex            0%         N/A       100%        6
 Iron Shot                Conj/Erth      0%         9d1       100%        6
 Simulacrum               Ice/Necr       0%         N/A       100%        6
 Spellforged Servitor     Conj/Summ      0%         N/A       100%        7


Dungeon Overview and Level Annotations

Branches:
Dungeon (12/15)            Temple (1/1) D:5            Lair (6/6) D:9
 Shoals (0/4) Lair:4       Spider (0/4) Lair:2        Slime (0/5) Lair:6
    Orc (2/2) D:12            Elf (0/3) Orc:2         Sewer (visited)
 Bailey (visited)         Gauntlet (visited)

Altars:
Ashenzari
Cheibriados
Dithmenos
Elyvilon
Fedhas
Gozag
Hepliaklqana
Kikubaaqudgha
Makhleb
Nemelex Xobeh
Okawaru
Qazlal
Ru
Sif Muna
Trog
Uskayaw
Vehumet
Wu Jian
Xom
Yredelemnul
Zin
The Shining One

Portals:
Trove: D:10 (give 15 scrolls of teleportation)

Annotations:
D:10 2 runed translucent doors
Lair:4 exclusion: oklob plant


Innate Abilities, Weirdness & Mutations

You have a pair of horns on your head.
You reflexively headbutt those who attack you in melee.


Message History

The orc warrior is severely wounded.
The orc warrior hits you from afar with a +0 trident!
The orc warrior hits you with a +0 battleaxe!
You slash the orc warrior! You burn the orc warrior.
You kill the orc warrior!
You feel very mighty all of a sudden.
You feel like a meek peon again. You block the orc warrior's attack.
The orc knight roars a battlecry!
You slice the orc knight!! You burn the orc knight.
The orc knight is moderately wounded.
The orc warrior closely misses you.
The orc knight unwields a +0 arbalest.
The orc knight wields a +0 great mace.
The orc knight hits you with a +0 great mace!!
* * * LOW HITPOINT WARNING * * *
You feel much better.
The orc warrior hits you from afar with a +0 trident!
* * * LOW HITPOINT WARNING * * *
You block the orc knight's attack.
The orc warrior no longer looks unusually strong.
The orc knight roars a battlecry!
The orc warrior goes into a battle-frenzy!
You hear a shout!
The orc warrior no longer looks unusually strong.
Items here: (( ))) ††.
The orc warrior unwields a +0 halberd.
The orc warrior wields a +0 arbalest.
The orc warrior shoots a bolt.
The bolt closely misses you.
A centaur comes into view.
The orc warrior unwields a +0 glaive.
The orc warrior wields a +0 arbalest.
The orc warrior shoots a bolt.
The bolt hits you but does no damage.
The orc knight no longer looks unusually strong.
The orc warrior no longer looks unusually strong.
The orc warrior shoots a bolt.
The bolt hits you!
* * * LOW HITPOINT WARNING * * *
The orc warrior shoots a bolt.
The bolt barely misses you.
The orc warrior shoots a bolt.
The bolt hits you!
* * * LOW HITPOINT WARNING * * *
The orc knight unwields a +0 great mace.
The orc knight wields a +0 arbalest.
The orc knight shoots a bolt.
The bolt hits you!
You die...

#.....)....≈≈# ..##..##o.##...#
......).)o...... #......o.o......
#######o.....##...###
##......#.##....## ###
#......#....#....### ##.##
#####..............#.#. #...#
##.####@#.........##.... ####..##
#...##...#.............. #.##...#
##..###.##...##........#
...#...###....####............#..
........#....## ##.#.##.........
...#.#......## ########.......
.............#### #######.....)..
......<..##..##.###.#.##.........
...###...........#......).[......


You could see an orc knight and 4 orc warriors.

Vanquished Creatures
  Gastronok (D:11)
  A minotaur (Gauntlet)
  9 hydras
  6 boulder beetles
  A catoblepas (Lair:5)
  A centaur warrior (D:11)
  4 two-headed ogres
  2 death scarabs (Gauntlet)
  A skeletal warrior (D:11)
  A spectral hydra (Gauntlet)
  A lindwurm (Lair:6)
  9 orc knights
  A deep elf pyromancer (D:12)
  3 ugly things
  An orc sorcerer (Orc:1)
  A manticore (D:11)
  An elephant (Gauntlet)
  3 black mambas
  A merfolk siren (Lair:4)
  An ice statue (D:11)
  A torpor snail (Lair:5)
  8 cane toads
  A gargoyle (D:11)
  2 rime drakes
  2 unseen horrors (D:11)
  A freezing wraith (D:11)
  9 komodo dragons
  2 kobold demonologists
  A yaktaur (D:11)
  An efreet (D:11)
  A tengu conjurer (D:11)
  6 trolls
  2 polar bears
  3 merfolk (Lair:4)
  A hornet (D:7)
  Prince Ribbit (D:8)
  A jumping spider (Lair:2)
  9 slime creatures
  15 blink frogs
  A spriggan (Lair:4)
  2 shadows
  37 yaks
  A wyvern (Lair:4)
  2 wraiths
  2 steam dragons
  A basilisk (shapeshifter) (D:11)
  A spectral komodo dragon (Gauntlet)
  3 basilisks
  Menkaure (D:6)
  19 water moccasins
  41 orc warriors
  A spectral torpor snail (Gauntlet)
  A sky beast (D:7)
  2 necrophages
  A boggart (D:11)
  An ice beast (D:5)
  4 black bears
  19 wolves
  7 ogres
  6 centaurs
  12 bullfrogs
  A kobold brigand (D:7)
  2 gnoll sergeants
  4 scorpions
  A water moccasin zombie (D:7)
  4 killer bees
  2 water moccasin skeletons
  8 wights
  A howler monkey (D:11)
  A bullfrog zombie (D:6)
  5 hounds
  5 centaur zombies
  2 jellies
  13 orc priests
  A bullfrog skeleton (D:5)
  2 centaur skeletons (D:7)
  2 iguanas
  16 orc wizards
  A killer bee zombie (D:7)
  A hound skeleton (D:4)
  A howler monkey skeleton (D:7)
  2 howler monkey zombies
  11 gnolls
  10 adders
  5 river rats (Sewer)
  3 white imps
  2 worms (D:4)
  3 dart slugs
  94 orcs
  5 ball pythons
  10 bats
  7 endoplasms
  2 giant cockroaches (D:1)
  21 goblins
  19 hobgoblins
  A jackal (D:4)
  10 kobolds
  4 quokkas
  11 frilled lizards
  A quokka zombie (D:3)
  10 rats
585 creatures vanquished.

Vanquished Creatures (others)
  Erica (Orc:1)
  A vampire (D:11)
  An orc wizard (D:5)
  An orc (Orc:2)
  2 kobolds (D:7)
  18 fungi
  43 plants
  A withered plant (Lair:6)
68 creatures vanquished.

Grand Total: 653 creatures vanquished

Notes
Turn   | Place    | Note
-------+----------+-------------------------------------------
     0 | D:1      | raph the Minotaur Gladiator began the quest for the Orb.
     0 | D:1      | Reached XP level 1. HP: 18/18 MP: 0/0
   133 | D:1      | Reached skill level 4 in Polearms
   180 | D:1      | Reached XP level 2. HP: 25/25 MP: 1/1
   413 | D:1      | Reached skill level 5 in Polearms
   443 | D:1      | Reached XP level 3. HP: 28/30 MP: 2/2
   739 | D:2      | Found a shimmering altar of Xom.
  1082 | D:2      | Reached skill level 6 in Polearms
  1082 | D:2      | Reached XP level 4. HP: 37/37 MP: 3/3
  1779 | D:3      | Found a faded altar of an unknown god.
  2057 | D:4      | Noticed a scorpion
  2070 | D:4      | Killed a scorpion
  2071 | D:4      | Reached skill level 7 in Polearms
  2071 | D:4      | Reached XP level 5. HP: 42/42 MP: 4/4
  2132 | D:4      | Reached skill level 8 in Polearms
  2378 | D:4      | Reached XP level 6. HP: 40/50 MP: 5/5
  2486 | D:4      | Found a glowing drain.
  2495 | Sewer    | Entered a sewer
  2877 | D:4      | Reached skill level 9 in Polearms
  3583 | D:4      | Reached XP level 7. HP: 56/56 MP: 6/6
  3619 | D:5      | Entered Level 5 of the Dungeon
  3629 | D:5      | Reached skill level 10 in Polearms
  4037 | D:5      | Reached skill level 11 in Polearms
  4285 | D:5      | Reached XP level 8. HP: 53/62 MP: 7/7
  4412 | D:5      | Reached skill level 12 in Polearms
  4562 | D:5      | Found a staircase to the Ecumenical Temple.
  4583 | Temple   | Entered the Ecumenical Temple
  4674 | Temple   | Became a worshipper of Warmaster Okawaru
  5085 | D:6      | Reached * piety under Okawaru
  5086 | D:6      | Reached skill level 13 in Polearms
  5978 | D:6      | Noticed Menkaure
  5984 | D:6      | Killed Menkaure
  5985 | D:6      | Reached XP level 9. HP: 59/68 MP: 8/8
  6132 | D:7      | Reached skill level 1 in Armour
  6145 | D:7      | Reached ** piety under Okawaru
  6331 | D:7      | Noticed a kobold demonologist
  6622 | D:7      | Noticed a smoke demon
  6623 | D:7      | Noticed a boulder beetle
  6627 | D:6      | Reached skill level 14 in Polearms
  6740 | D:7      | Noticed a boulder beetle
  6752 | D:6      | Killed a kobold demonologist
  6753 | D:6      | Reached skill level 5 in Dodging
  6761 | D:6      | Reached skill level 5 in Fighting
  7155 | D:7      | Reached *** piety under Okawaru
  7156 | D:7      | Reached skill level 1 in Invocations
  7192 | D:7      | Killed a boulder beetle
  7193 | D:7      | Reached skill level 5 in Armour
  7193 | D:7      | Reached XP level 10. HP: 26/83 MP: 7/10
  7577 | D:7      | Killed a boulder beetle
  7577 | D:7      | Received a gift from Okawaru
  7577 | D:7      | Reached **** piety under Okawaru
  7704 | D:7      | Noticed a cyan ugly thing
  7712 | D:7      | Killed a cyan ugly thing
  8103 | D:8      | Noticed a five-headed hydra
  8112 | D:8      | Killed a five-headed hydra
  8336 | D:8      | Noticed a six-headed hydra
  8352 | D:8      | Killed a six-headed hydra
  8352 | D:8      | Received a gift from Okawaru
  8471 | D:8      | Found the +2 robe of Vines {NoPotionHeal Regen+++}
  8942 | D:8      | Noticed Prince Ribbit
  8948 | D:8      | Killed Prince Ribbit
  8949 | D:8      | Reached XP level 11. HP: 80/93 MP: 10/13
  9208 | D:9      | Found a staircase to the Lair.
  9532 | D:9      | Noticed a two-headed ogre
  9550 | D:9      | Killed a two-headed ogre
  9550 | D:9      | Reached ***** piety under Okawaru
  9802 | D:9      | Reached skill level 5 in Invocations
 10264 | D:10     | Entered Level 10 of the Dungeon
 10295 | Lair:1   | Entered Level 1 of the Lair of Beasts
 10725 | Lair:1   | Received a gift from Okawaru
 11012 | Lair:1   | Reached skill level 5 in Throwing
 12188 | Lair:1   | Reached XP level 12. HP: 74/105 MP: 15/15
 12579 | Lair:2   | Found a hole to the Spider Nest.
 12757 | Lair:2   | Found a bloodstained altar of Trog.
 12794 | Lair:2   | Noticed a boulder beetle
 12805 | Lair:2   | Killed a boulder beetle
 12889 | Lair:2   | Noticed a six-headed hydra
 12896 | Lair:2   | Killed a six-headed hydra
 12896 | Lair:2   | Received a gift from Okawaru
 13002 | Lair:2   | Received a gift from Okawaru
 13089 | Lair:2   | Noticed a six-headed hydra
 13094 | Lair:2   | Killed a six-headed hydra
 13095 | Lair:2   | Reached skill level 10 in Fighting
 13576 | Lair:3   | Noticed a four-headed hydra
 13589 | Lair:3   | Killed a four-headed hydra
 13785 | Lair:3   | Reached skill level 10 in Armour
 14053 | Lair:3   | Reached skill level 10 in Dodging
 14885 | Lair:4   | Noticed a five-headed hydra
 14919 | Lair:3   | Killed a five-headed hydra
 15461 | Lair:4   | Found a staircase to the Shoals.
 15498 | Lair:4   | Reached XP level 13. HP: 104/115 MP: 18/18
 16271 | Lair:5   | Received a gift from Okawaru
 17018 | Lair:6   | Entered Level 6 of the Lair of Beasts
 18575 | D:10     | Found a runed translucent door.
 18575 | D:10     | Found the +2 shield of Resistance {rF++ rC++ Will++}
 18576 | D:10     | Noticed a fire dragon
 18577 | D:10     | Noticed a fire dragon
 18583 | D:10     | Found a runed translucent door.
 19041 | D:10     | Found a stormy altar of Qazlal.
 19184 | D:10     | Found a portal to a secret trove of treasure.
 19647 | D:11     | Reached skill level 1 in Evocations
 19927 | D:11     | Got the Tome of Virous Confrontation
 19953 | D:11     | Found the +7 captain's cutlass {speed, disarm}
 20077 | D:11     | Identified the +4 war axe "Afecaits" {antimagic, rElec rC+
                  | Str+2}
 20078 | D:11     | Noticed Gastronok
 20097 | D:11     | Killed Gastronok
 20097 | D:11     | Received a gift from Okawaru
 20098 | D:11     | Reached XP level 14. HP: 107/126 MP: 7/20
 20873 | D:12     | Found a gate leading to a gauntlet.
 20879 | Gauntlet | Entered a Gauntlet
 20879 | Gauntlet | Found a transporter.
 20879 | Gauntlet | Found a transporter.
 20883 | Gauntlet | Found a transporter.
 20884 | Gauntlet | Found a transporter.
 20889 | Gauntlet | Found a transporter.
 20893 | Gauntlet | Found a transporter.
 20903 | Gauntlet | Found a transporter.
 20961 | Gauntlet | Found a transporter.
 20971 | Gauntlet | Found a transporter.
 20986 | Gauntlet | Found a transporter.
 20996 | Gauntlet | Found a transporter.
 21011 | Gauntlet | Found a transporter.
 21252 | Gauntlet | Identified the ring of Trepidation {rElec rC+ rN+ rCorr
                  | Dex-5}
 21299 | Gauntlet | Identified the ring "Effozus" {rElec rF- rCorr MP+9 SInv}
 22047 | D:12     | Found a staircase to the Orcish Mines.
 22391 | D:12     | Reached skill level 15 in Polearms
 23248 | Orc:1    | Entered Level 1 of the Orcish Mines
 23358 | Orc:1    | Found a flagged portal.
 23368 | Bailey   | Entered a bailey
 23499 | Bailey   | Acquired a manual of Fighting
 24120 | Orc:1    | Noticed Erica
 24128 | Orc:1    | Killed Erica
 24549 | Orc:2    | Entered Level 2 of the Orcish Mines
 24937 | Orc:2    | Received a gift from Okawaru
 25067 | Orc:2    | Found a staircase to the Elven Halls.
 25082 | Orc:2    | Reached skill level 10 in Invocations
 25661 | Orc:2    | HP: 1/127 [orc warrior/bolt (12)]
 25661 | Orc:2    | Shot with a bolt by an orc knight

Illustrated notes

Levels and vault maps discovered:
D:1:      wander_arrival_fairy_ring, layout_basic
D:2:      layout_basic, basic_altar
D:3:      layout_loops_ring, chequers_ecumenical_altar_simple_redux,
          st_stairs_2, minmay_crystal_room, minmay_close_crescents
D:4:      cheibrodos_greedy_goblins, layout_loops_ring, gup_sewer_entry_bowl,
          minmay_starry_boxes
D:5:      layout_rooms, temple_statues, st_stairs_9
D:6:      layout_gridville, uniq_menkaure
D:7:      cheibrodos_fzero, layout_rooms
D:8:      layout_rooms, chequers_serial_rivers_micro_b,
          hellmonk_guarded_unrand_vines, uniq_prince_ribbit1
D:9:      layout_basic, dpeg_oklobed_lair
D:10:     layout_roguey, lemuel_round_altar, nicolae_trove_entry_isolated,
          minmay_guarded_unrand_resistance
D:11:     minmay_the_grid_four_pointed_star_mashed
          [minmay_the_grid_triangle_9x9_warning,
          minmay_the_grid_triangle_9x9_wacky_v,
          minmay_the_grid_triangle_9x9_cache,
          minmay_the_grid_triangle_9x9_flanged_cone,
          minmay_the_grid_prize_trominoes], layout_long_grid, minivault_16,
          uniq_gastronok
D:12:     layout_layer_cave, david_orc_4, gauntlet_entry_generic,
          minmay_variable_closet
Temple:   compressed_dpeg_circular_temple
Lair:1:   layout_hall_layers, lemuel_fruit_fields
Lair:2:   layout_chaotic_city, spider_nest_entry_rubble, basic_altar
Lair:3:   layout_regular_city
Lair:4:   layout_regular_city, elwin_shoals_entry_stream,
          grunt_forest_stairs_clearing
Lair:5:   layout_cave_shapes, chequers_serial_rivers_large_a,
          bh_autumn_forest_stairs
Lair:6:   due_jungle_book, layout_long_grid, minmay_slime_entry_pillars
Orc:1:    layout_caves, enter_bailey_3, lightli_orcish_oven, uniq_erica
Orc:2:    st_orc_rangers, layout_caves, special_room

Skill      XL: |  1  2  3  4  5  6  7  8  9 10 11 12 13 14 |
---------------+-------------------------------------------+-----
Polearms       | 4 5 6 7 8 9 11 13 14 15 | 15.4
Armour         | 5 7 9 10 11 12 | 12.4
Fighting       | 6 7 9 10 12 | 12.9
Dodging        | 6 7 9 10 11 12 | 12.0
Invocations    | 2 4 6 8 9 10 | 10.0
Throwing       | 3 6 7 8 |  8.8
Evocations     | 2 4 |  4.0

Action                   |  1- 3 |  4- 6 |  7- 9 | 10-12 | 13-15 || total
-------------------------+-------+-------+-------+-------+-------++-------
Melee: Trident           |   100 |   187 |   203 |   671 |   136 ||  1297
       Headbutt          |    10 |    33 |    44 |   157 |   151 ||   395
       Glaive            |       |       |       |       |   515 ||   515
       Halberd           |       |       |       |       |   102 ||   102
Throw: Throwing net      |       |     3 |       |       |       ||     3
       Dart              |       |     1 |       |     2 |       ||     3
       Javelin           |       |       |    28 |    28 |    16 ||    72
Invok: Heroism           |       |       |     2 |    19 |    18 ||    39
       Finesse           |       |       |       |     1 |     8 ||     9
Evoke: Wand              |       |       |     1 |     2 |     2 ||     5
       Phantom mirror    |       |       |       |       |     1 ||     1
       Tin of tremorston |       |       |       |       |     2 ||     2
  Use: Scroll            |     4 |     4 |     5 |    12 |    22 ||    47
       Potion            |       |       |     3 |     1 |     3 ||     7
 Stab: Distracted        |     1 |       |       |       |       ||     1
       Held in net/web   |       |     1 |       |       |       ||     1
       Petrified         |       |       |       |       |     2 ||     2
Armor: Leather armour    |    10 |       |       |       |       ||    10
       Ring mail         |     9 |    36 |    41 |   127 |    44 ||   257
       Ice dragon scales |       |       |       |       |   287 ||   287
Dodge: Dodged            |    36 |    60 |    60 |   407 |   485 ||  1048
Block: Buckler           |     1 |     7 |    16 |    96 |    22 ||   142
       Other             |       |       |       |       |    68 ||    68
       Reflection        |       |       |       |       |     5 ||     5
